Map: Neon Violet Square LE

Players

HeRoMaRinE - Winner!

  • Race: Terran Terran
  • Spawn Location: 11:00

Snute

  • Race: Zerg Zerg
  • Spawn Location: 5:00

Event: IEM Season 12 - Katowice

VOD

Have the link to the VOD?

Description

Time

  • Played on: Feb. 27, 2018, 5:07 a.m.
  • Length: 9:50

All games in this series

Show
View Real Time Build Order
Export as new Build Order

HeRoMaRinE Terran - Winner!

Build Orders: Gas First Reaper Expand, Reaper Expand, Hellion Banshee, Mech 

Get SALT Encoding   

  12  0:00  SCV  
  13  0:12  SCV  
  14  0:18  Supply Depot  
  14  0:24  SCV  
  15  0:29  Refinery  
  15  0:39  SCV  
  16  0:45  Barracks  
  16  0:51  SCV  
  17  1:03  SCV  
  18  1:15  SCV  
  19  1:32  Reaper, Orbital Command  
  20  1:45  Command Center  
  20  1:56  Factory  
  20  2:00  SCV  
  21  2:06  Barracks Reactor  
  21  2:12  SCV  
  21  2:15  Supply Depot  
  22  2:17  Refinery  
  22  2:24  SCV  
  23  2:36  SCV  
  24  2:45  Starport  
  24  2:48  Hellion x2, SCV  
  24  2:50  Marine  
  30  2:57  Orbital Command  
  30  3:01  SCV  
  31  3:10  Hellion  
  31  3:11  Hellion  
  35  3:14  SCV  
  36  3:22  Medivac  
  36  3:23  SCV  
  36  3:26  SCV  
  40  3:31  Hellion  
  40  3:33  Hellion  
  44  3:38  Supply Depot  
  44  3:40  Barracks Tech Lab  
  44  3:41  SCV  
  44  3:43  SCV  
  46  3:59  SCV x2  
  46  4:01  Supply Depot  
  48  4:07  Hellion x2  
  52  4:11  SCV x2  
  52  4:16  Armory  
  54  4:22  Cloaking Field, Banshee  
  54  4:24  SCV x2  
  59  4:29  Supply Depot  
  59  4:36  SCV x2  
  60  4:46  Command Center  
  60  4:49  SCV x2  
  66  5:01  SCV x2  
  66  5:04  Refinery x2  
  64  5:07  Factory x2  
  64  5:08  Banshee  
  64  5:13  SCV x2  
  69  5:25  SCV  
  69  5:27  Supply Depot  
  70  5:39  Hellion  
  70  5:41  Supply Depot, SCV x2  
  70  5:49  Hellion  
  72  5:53  SCV  
  72  5:54  Factory Tech Lab  
  72  5:56  SCV  
  68  6:05  SCV  
  68  6:07  Starport Reactor, Refinery  
  68  6:08  Refinery  
  68  6:09  SCV  
  67  6:17  SCV, Terran Vehicle Weapons Level 1, Thor x2  
  82  6:18  Hellion  
  82  6:22  Orbital Command  
  82  6:23  SCV  
  83  6:29  SCV  
  84  6:35  SCV  
  84  6:38  Supply Depot, Factory  
  84  6:39  Factory  
  85  6:41  SCV  
  86  6:49  Medivac x2  
  86  6:51  Hellion  
  86  6:52  Hellion, SCV x2  
  86  6:53  SCV  
  97  6:57  Supply Depot  
  97  7:04  SCV x2  
  97  7:05  SCV, Siege Tank x2  
  106  7:12  Supply Depot  
  106  7:15  Supply Depot  
  108  7:16  Supply Depot, Hellion, SCV  
  108  7:19  SCV x2, Hellion  
  113  7:25  Supply Depot  
  113  7:28  SCV  
  112  7:32  Factory Reactor, Factory Tech Lab  
  112  7:33  Medivac x2  
  118  7:37  Hellion, Siege Tank  
  118  7:38  Siege Tank  
  118  7:40  SCV x3  
  127  7:56  Hellion, Siege Tank  
  127  7:57  Hellion x3  
  125  7:58  Hellion  
  125  8:05  Viking  
  127  8:09  Supply Depot, Siege Tank  
  127  8:10  Supply Depot, Siege Tank, Viking  
  133  8:15  Hellion x2  
  133  8:18  Hellion  
  141  8:20  Hellion  
  141  8:28  Siege Tank  
  141  8:32  Supply Depot  
  144  8:36  Hellion x2  
  144  8:39  Hellion  
  152  8:41  Hellion  
  152  8:44  Siege Tank  
  152  8:46  Siege Tank  
  140  8:58  Hellion x2  
  140  9:00  Siege Tank  
  147  9:05  Command Center  
  147  9:11  Hellion x2  
  147  9:16  Siege Tank  
Show
View Real Time Build Order
Export as new Build Order

Snute Zerg 

Build Orders: Hatch First 

Get SALT Encoding   

  12  0:00  Drone  
  13  0:12  Overlord  
  13  0:17  Drone  
  14  0:31  Drone x2  
  14  0:34  Drone  
  17  0:52  Hatchery  
  17  0:55  Drone  
  17  0:58  Drone  
  17  1:00  Extractor  
  17  1:13  Spawning Pool  
  17  1:17  Drone  
  17  1:20  Drone  
  18  1:28  Drone  
  19  1:38  Overlord  
  19  1:50  Drone  
  20  2:00  Queen, Metabolic Boost  
  22  2:03  Queen  
  22  2:05  Zergling x2  
  25  2:09  Zergling x2  
  25  2:12  Drone  
  25  2:14  Drone  
  28  2:22  Drone  
  29  2:25  Drone  
  30  2:33  Drone  
  31  2:37  Queen  
  31  2:42  Overlord  
  34  2:44  Drone  
  34  2:49  Drone  
  35  2:54  Drone  
  36  3:03  Hatchery  
  36  3:05  Drone x2  
  37  3:08  Drone x2  
  37  3:09  Drone x2  
  37  3:12  Drone x2  
  43  3:15  Drone  
  43  3:19  Overlord  
  44  3:26  Overlord  
  44  3:33  Zergling x2  
  44  3:36  Queen, Overlord  
  44  3:38  Queen  
  48  3:43  Baneling Nest  
  48  3:47  Zergling x6  
  50  3:49  Zergling x2  
  50  3:53  Zergling x4  
  53  4:00  Zergling x4  
  53  4:01  Zergling x4  
  56  4:12  Queen  
  56  4:14  Queen  
  60  4:17  Queen  
  62  4:30  Drone  
  62  4:31  Drone x7  
  67  4:35  Overlord  
  67  4:38  Overlord  
  70  4:40  Drone  
  70  4:46  Drone x3  
  70  4:48  Overlord  
  73  4:54  Overlord  
  73  4:56  Drone  
  73  4:57  Drone x5  
  77  5:00  Drone  
  77  5:01  Drone  
  78  5:10  Drone x3, Evolution Chamber x2  
  78  5:12  Drone  
  80  5:16  Drone  
  80  5:17  Drone  
  80  5:18  Extractor  
  81  5:26  Baneling  
  81  5:27  Baneling x2  
  81  5:31  Drone  
  81  5:32  Drone x9  
  89  5:40  Spore Crawler  
  89  5:41  Spore Crawler  
  86  5:43  Spore Crawler  
  82  5:54  Drone x4  
  84  5:59  Drone x3  
  84  6:01  Drone x3  
  84  6:02  Drone  
  84  6:04  Drone, Overlord  
  88  6:11  Zerg Ground Armor Level 1  
  87  6:13  Zerg Missile Weapons Level 1  
  87  6:14  Drone  
  87  6:15  Extractor  
  87  6:16  Extractor  
  86  6:19  Extractor  
  86  6:20  Overlord, Extractor  
  86  6:21  Drone x2  
  86  6:23  Drone x2  
  88  6:27  Drone  
  89  6:33  Lair  
  89  6:34  Drone x5  
  94  6:51  Baneling x2  
  94  6:52  Baneling  
  94  6:53  Baneling x2  
  91  7:01  Drone  
  91  7:02  Drone x3  
  91  7:04  Hatchery  
  92  7:21  Zergling x2  
  92  7:22  Zergling x18  
  102  7:29  Spore Crawler  
  101  7:34  Centrifical Hooks  
  101  7:36  Infestation Pit, Hydralisk Den  
  99  7:37  Overlord  
  98  7:54  Zergling x2  
  98  7:55  Zergling x24  
  97  7:58  Queen  
  97  8:02  Zergling x8  
  105  8:12  Zergling x4  
  105  8:16  Hive, Grooved Spines  
  105  8:18  Hydralisk x6  
  115  8:23  Baneling x10  
  115  8:26  Hydralisk x4  
  123  8:27  Overlord  
  123  8:34  Zergling x4  
  122  8:42  Extractor  
  122  8:46  Hydralisk x4  
  105  8:49  Zergling x8  
  105  8:57  Hydralisk  
  105  8:58  Hydralisk x2  
  106  9:03  Hydralisk x2  
  106  9:06  Baneling  
  106  9:07  Baneling x8  
  106  9:08  Queen x2  
  110  9:12  Hydralisk x2  
  110  9:14  Zergling x2  
  115  9:19  Hatchery  
  115  9:21  Hydralisk x3  
  117  9:28  Zergling x10  
  106  9:31  Zergling x2  
  106  9:32  Zergling x2  

Tags
 
Add a new tag
Caveats
  • Supply blocks, unpowered buildings, or Contaminate may cause inaccurate times.
  • Supply counts are checked every 10 seconds.